 Dungeon Crawl Stone Soup version 0.28-a0-429-g1448048969 (webtiles) character file.

Game seed: 4420644511825290868

1346 Gwenloh the Ducker (level 8, -13/60 HPs)
             Began as a Djinni Warper on Sept 10, 2021.
             Was a Follower of Wu Jian.
             Killed from afar by Pikel (19 damage)
             ... with an iceblast
             ... on level 6 of the Dungeon.
             The game lasted 00:21:56 (9878 turns).

Gwenloh the Ducker (Djinni Warper)                  Turns: 9878, Time: 00:21:56

Health: -13/60     AC:  3    Str: 10    XL:     8   Next: 94%
Gold:   222        EV: 14    Int: 16    God:    Wu Jian [*.....] SH:  0 Dex: 14

rFire   + + .      SeeInvis .   a - +0 falchion
rCold   x . .      Faith    .   (no shield)
rNeg    . . .      Spirit   .   l - +0 leather armour
rPois   ∞          Reflect  .   (no helmet)
rElec   .          Harm     .   (no cloak)
rCorr   .          Rampage  .   (no gloves)
Will    .....                   (boots unavailable)
Stlth   +.........              (no amulet)
HPRegen 0.20/turn               (no ring)
MPRegen 0.00/turn               (no ring)

@: flying
A: sickness immunity, fire resistance 2, cold vulnerability 1, float, innate
caster, hp casting, extra vitality 1
a: Renounce Religion


You were on level 6 of the Dungeon.
You worshipped Wu Jian.
Wu Jian was aware of your devotion.
You visited 1 branch of the dungeon, and saw 7 of its levels.

You collected 222 gold pieces.

Inventory:

Hand Weapons
 a - a +0 falchion (weapon)
 b - a +0 hunting sling
 B - the +5 dagger of Ygioseamm {vorpal, rC+}
   (You found it on level 6 of the Dungeon)

   It inflicts extra damage upon your enemies.
   rC:        It protects you from cold.
Missiles
 d - 4 boomerangs of dispersal
 g - 147 stones (quivered)
 m - 46 sling bullets
 p - 5 boomerangs
Armour
 l - a +0 leather armour (worn)
Wands
 A - a wand of flame (41)
Scrolls
 c - a scroll of blinking
 f - a scroll of summoning {unknown}
 h - 2 scrolls of vulnerability {unknown}
 j - 3 scrolls of teleportation {unknown}
 k - 2 scrolls of brand weapon {unknown}
 n - 3 scrolls of identify {unknown}
 q - a scroll of enchant armour {unknown}
 r - a scroll of enchant weapon {unknown}
 s - 4 scrolls of fear {unknown}
 t - a scroll of amnesia {unknown}
 v - a scroll of silence {unknown}
 w - a scroll of fog {unknown}
 x - a scroll of immolation
 y - 3 scrolls of noise {unknown}
Potions
 e - 3 potions of curing
 i - a potion of heal wounds {unknown}
 o - 2 potions of flight {unknown}
 u - a potion of attraction {unknown}
 z - a potion of ambrosia {unknown}


   Skills:
 + Level 5.4 Fighting
 + Level 4.9 Long Blades
 - Level 0.7 Throwing
 - Level 1.0 Armour
 + Level 5.9 Dodging
 + Level 4.5 Spellcasting


You couldn't memorise any spells.
You knew the following spells:

 Your Spells              Type           Power      Damage    Failure   Level
a - Freeze                Ice            72%        1d9       3%          1
b - Vampiric Draining     Necr           9%         2d7       10%         3
c - Manifold Assault      Tloc           18%        N/A       67%         5
d - Blink                 Tloc           N/A        N/A       4%          2
e - Passwall              Tmut/Erth      15%        N/A       4%          2
f - Lesser Beckoning      Tloc           18%        N/A       10%         3
g - Teleport Other        Tloc           18%        N/A       10%         3
h - Gell's Gravitas       Tloc           9%         N/A       10%         3
Your spell library was empty.

Dungeon Overview and Level Annotations

Branches:
Dungeon (7/15)             Temple (0/1) D:4

Altars:
Nemelex Xobeh
Qazlal
Wu Jian
The Shining One
Lugonu

Portals:
Abyss: D:3

Annotations:
D:3 2 runed translucent doors
D:5 1 runed translucent door, bmj180's ghost, amateur DrCj
D:6 3 runed translucent doors, Pikel; sn0wgr3's ghost, novice MiFi


Innate Abilities, Weirdness & Mutations

You are immune to sickness and miasma.
You are immune to poison.
Your flesh is very heat resistant. (rF++)
You are vulnerable to cold. (rC-)
You float through the air rather than walking.
You learn spells naturally, not from books.
Your magical power is your life essence.
You have superior vitality. (+4 HP)


Message History

Aiming: Vampiric Draining (dangerous; 10% risk of failure)
Press: ? - help, Shift-Dir - straight line, f/p - Pikel
Aim: Pikel, wielding a +1 whip of freezing, wearing a +2 robe of willpower and carrying a wand of iceblast (9) (lightly wounded)
You miscast Vampiric Draining.
You are very lightly contaminated with residual magic.
Nothing appears to happen.
Pikel hits you with a +1 whip of freezing!
* * * LOW HITPOINT WARNING * * *
Pikel freezes you.
* * * LOW HITPOINT WARNING * * *
Sn0wgr3's ghost giggles, "Hey deadhead, what fun to see your head drop dead!"
Throw: 147 stones
Press: ? - help, Q - select action, (/) - cycle Shift-Dir - straight line, p - Pikel
Okay, then.
Casting: Vampiric Draining (dangerous; 10% risk of failure)
Confirm with . or Enter, or press ? or * to list all spells.
You miscast Blink.
Nothing appears to happen.
* * * LOW HITPOINT WARNING * * *
Pikel barely misses you.
Casting: Blink (safe; 4% risk of failure)
Confirm with . or Enter, or press ? or * to list all spells.
You blink.
* * * LOW HITPOINT WARNING * * *
It was a potion of curing.
You feel better.
Pikel zaps a wand.
The mass of ice explodes!
The iceblast engulfs you!!
You feel a painful chill!
* * * LOW HITPOINT WARNING * * *
Casting: Blink (safe; 4% risk of failure)
Confirm with . or Enter, or press ? or * to list all spells.
You can't see any susceptible monsters within range! (Use Z to cast anyway.)
Casting: Blink (safe; 4% risk of failure)
Confirm with . or Enter, or press ? or * to list all spells.
You don't have enough health to cast this spell.
Casting: Blink (safe; 4% risk of failure)
Confirm with . or Enter, or press ? or * to list all spells.
You blink.
* * * LOW HITPOINT WARNING * * *
Your magical contamination has completely faded away.
Pikel zaps a wand.
The mass of ice explodes!
The iceblast engulfs you!!
You feel a painful chill!
You die...

#...##.# #.#.#........##.......
####'###.# #.#........#.##.......
.....# #.###........K.#.##.......
####.###....[.........#.##.......
###........<#####....##.##.......
................#....##.##.......
.#.#.##.........#....##.##.......
.#†#.##.######..#.>).##.##.......
.#.#.##.# #..<..@....##.##.......
.#.#.##.# #.#...#.......#########
.#.#.##.###....##..##############
.#.#.##.#.#....##................
...#.##.#.#....##.#.#.###########
.###.#....#....##.#.#.#
####.####.#....##.#.#.#
).........#..####.#.#.#
####................#.#


You could see Pikel.

Vanquished Creatures
  2 water moccasins (D:6)
  A sky beast (D:6)
  2 black bears (D:5)
  2 ogres
  A necrophage (D:4)
  A kobold brigand (D:5)
  A scorpion (D:4)
  A gnoll shaman (D:6)
  4 orc priests
  3 centaur skeletons
  An iguana (D:5)
  3 orc wizards
  A killer bee zombie (D:4)
  A gnoll (D:6)
  5 adders
  A worm (D:2)
  5 dart slugs
  5 orcs
  An endoplasm (D:2)
  4 giant cockroaches
  6 goblins
  6 hobgoblins
  6 jackals
  6 quokkas
  4 ball pythons
  5 bats
  4 frilled lizards
  8 kobolds
  8 rats
98 creatures vanquished.

Notes
Turn   | Place    | Note
-------+----------+-------------------------------------------
     0 | D:1      | Gwenloh the Djinni Warper began the quest for the Orb.
     0 | D:1      | Reached XP level 1. HP: 18/18 MP: 0/0
   535 | D:1      | Reached XP level 2. HP: 18/23 MP: 0/0
  1116 | D:1      | Reached XP level 3. HP: 29/29 MP: 0/0
  1116 | D:1      | Learned a level 1 spell: Freeze
  1737 | D:2      | Reached XP level 4. HP: 27/34 MP: 0/0
  1975 | D:2      | Found a faded altar of an unknown god.
  2141 | D:2      | Became a worshipper of the Wu Jian Council
  2141 | D:2      | Reached * piety under Wu Jian
  2428 | D:3      | Found a one-way gate to the infinite horrors of the Abyss.
  2496 | D:3      | Found a stormy altar of Qazlal.
  2660 | D:3      | Found a glowing golden altar of the Shining One.
  2751 | D:3      | Found a large runed translucent door.
  2751 | D:3      | Found a large runed translucent door.
  2751 | D:3      | Found a corrupted altar of Lugonu.
  2781 | D:3      | Found a large runed translucent door.
  2785 | D:3      | Found a large runed translucent door.
  3056 | D:4      | Found a staircase to the Ecumenical Temple.
  3400 | D:4      | Noticed a scorpion
  3408 | D:4      | Killed a scorpion
  3409 | D:4      | Reached XP level 5. HP: 28/40 MP: 0/0
  3409 | D:4      | Learned a level 2 spell: Passwall
  4320 | D:3      | Reached XP level 6. HP: 28/46 MP: 0/0
  4867 | D:4      | Noticed a water moccasin
  4871 | D:4      | Noticed a necrophage
  5289 | D:3      | Found a sparkling altar of Nemelex Xobeh.
  5294 | D:3      | Found an ornate altar of the Wu Jian Council.
  5677 | D:4      | Killed a necrophage
  5848 | D:5      | Entered Level 5 of the Dungeon
  5904 | D:5      | Reached XP level 7. HP: 17/51 MP: 0/0
  5904 | D:5      | Learned a level 3 spell: Vampiric Draining
  6365 | D:5      | Found a runed translucent door.
  6366 | D:5      | Noticed bmj180's ghost (amateur DrCj)
  6366 | D:5      | Noticed a two-headed ogre
  7048 | D:5      | Reached skill level 5 in Dodging
  7048 | D:5      | Reached XP level 8. HP: 24/58 MP: 0/0
  7444 | D:6      | Found a runed translucent gate.
  7446 | D:6      | Noticed sn0wgr3's ghost (novice MiFi)
  7451 | D:6      | Found a runed translucent gate.
  7451 | D:6      | Found a runed translucent gate.
  8324 | D:6      | Identified the +5 dagger of Ygioseamm {vorpal, rC+}
  8518 | D:6      | Reached skill level 5 in Fighting
  9439 | D:7      | Noticed Pikel
  9857 | D:6      | HP: 3/60 [Pikel/iceblast (18)]
  9878 | D:6      | Killed from afar by Pikel

Illustrated notes

Levels and vault maps discovered:
D:1:      nicolae_arrival_somewhat_less_tricky_arrival, layout_basic,
          chequers_serial_rivers_room_a
D:2:      layout_basic, ebering_ecumenical_altar_mist, serial_corexii_hall,
          chequers_hall_statues_y, corexii_hall_statues_i
D:3:      due_chaos_kobolds, layout_basic, nicolae_qazlal_general_emergency,
          jmf_multi_god_temple2, nicolae_tso_swordbearing_angel, hex_tiny
D:4:      layout_cave_pools, minmay_temple_entry_ruins
D:5:      layout_basic, ebering_ghost_inner_flame
D:6:      layout_basic, ebering_ghost_rock_garden,
          hangedman_abyss_or_decor_lesser_grid
D:7:      minmay_the_grid_octo_2x2 [minmay_the_grid_octo_shrine,
          minmay_the_grid_octo_focus, minmay_the_grid_octo_teeth,
          minmay_the_grid_octo_prize_square_snowflake], layout_basic,
          mainiacjoe_overflow_alcove_3, serial_curves, eino_curves_03,
          eino_curves_03, amcnicky_mini_pool_small, minmay_fractal_squares_5,
          uniq_pikel

Skill      XL: |  1  2  3  4  5  6  7  8 |
---------------+-------------------------+-----
Long Blades    | 2 3 4 |  4.9
Dodging        | 3 4 5 |  5.9
Fighting       | 3 4 5 |  5.4
Spellcasting   | 3 4 |  4.5
Throwing       | |  0.7
Armour         | |  1.0

Action                   |  1- 3 |  4- 6 |  7- 9 || total
-------------------------+-------+-------+-------++-------
Melee: Falchion          |    66 |    95 |    55 ||   216
       Dagger            |       |       |    38 ||    38
       Hunting sling     |       |       |     1 ||     1
 Fire: Hunting sling     |    20 |   114 |    22 ||   156
Throw: Stone             |    76 |       |     5 ||    81
       Boomerang         |     1 |       |       ||     1
 Cast: Freeze            |       |    37 |    12 ||    49
       Blink             |       |     2 |     5 ||     7
       Passwall          |       |     2 |     1 ||     3
       Vampiric Draining |       |       |    25 ||    25
Invok: Lunge             |       |     1 |     2 ||     3
  Use: Potion            |       |       |     1 ||     1
Armor: Leather armour    |    14 |    35 |    23 ||    72
Dodge: Dodged            |    49 |   116 |    94 ||   259

Table legend: (Time is in decaauts)
 A = Elapsed time spent in this place.
 B = Non-inter-level travel time spent in this place.
 C = Inter-level travel time spent in this place.
 D = Time resting spent in this place.
 E = Time spent auto-exploring this place.
 F = Levels seen in this place.
 G = Mean time per level.
                   A        B        C        D        E       F      G
               +--------+--------+--------+--------+--------+-----+--------+
         Total |   9925 |   9574 |    351 |   2791 |   5438 |   7 | 1417.9 |
       Dungeon |   9925 |   9574 |    351 |   2791 |   5438 |   7 | 1417.9 |
               +--------+--------+--------+--------+--------+-----+--------+

Top non-repeatable levels by time:
     D:3: 2496 daAuts
     D:6: 2117 daAuts
     D:5: 1840 daAuts
     D:1: 1328 daAuts
     D:4: 1093 daAuts
     D:2: 977 daAuts
     D:7: 71 daAuts
